 Dungeon Crawl Stone Soup version 0.21.1-1-g345015f (webtiles) character file.

7 Goblin1989 the Vexing (level 1, -1/14 HPs)
             Began as a Demonspawn Enchanter on Feb 16, 2018.
             Slain by a leopard gecko (2 damage)
             ... on level 1 of the Dungeon.
             The game lasted 00:01:13 (248 turns).

Goblin1989 the Vexing (Demonspawn Enchanter)         Turns: 248, Time: 00:01:14

Health: -1/14      AC:  2    Str:  8    XL:     1   Next: 83%
Magic:  3/3        EV: 12    Int: 16    God:
Gold:   17         SH:  0    Dex: 13    Spells: 3/4 levels left

rFire    . . .     SeeInvis .   a - +1 dagger
rCold    . . .     Gourm    .   (no shield)
rNeg     . . .     Faith    .   b - +0 robe
rPois    .         Spirit   .   (no helmet)
rElec    .         Reflect  .   (no cloak)
rCorr    .         Harm     .   (no gloves)
MR       .....                  (no boots)
Stlth    ++........             (no amulet)
HPRegen  0.04/turn              (no ring)
MPRegen  0.08/turn              (no ring)

@: flying
A: no striking features
a: no special abilities


You were on level 1 of the Dungeon.
You were not hungry.

You visited 1 branch of the dungeon, and saw 1 of its levels.

You collected 17 gold pieces.

Inventory:

Hand Weapons
 a - a +1 dagger (weapon)
Armour
 b - a +0 robe (worn)
Scrolls
 g - a scroll of noise {unknown}
 i - a scroll of identify {unknown}
Books
 c - a book of Maledictions

   Spells                             Type                      Level
   a - Corona                         Hexes                        1
   b - Ensorcelled Hibernation        Hexes/Ice                    2
   c - Confuse                        Hexes                        3
   d - Tukima's Dance                 Hexes                        3
   e - Dazzling Spray                 Conjuration/Hexes            3
Comestibles
 e - a ration
 h - a chunk of flesh


   Skills:
 + Level 0.4 Fighting
 * Level 1.2 Short Blades
 + Level 1.9 Dodging
 + Level 2.8 Stealth
 - Level 2.0 Spellcasting
 - Level 3.0 Hexes


You had 3 spell levels left.
You knew the following spells:

 Your Spells              Type           Power        Failure   Level  Hunger
a - Corona                Hex            ##.....      6%          1    #......


Dungeon Overview and Level Annotations

Branches:
Dungeon (1/15)

Altars:


Message History

No target in view!
No target in view!
No target in view!
HP restored.
Key pressed, stopping explore.
A giant cockroach comes into view.
Health restored: 13 A goblin comes into view.
It is wielding a dagger.
The giant cockroach bites you.
You take 1 damage, and have 12/13 hp.
You hit the giant cockroach but do no damage.
The giant cockroach bites you.
You take 1 damage, and have 11/13 hp.
You barely miss the giant cockroach.
The goblin shouts!
The giant cockroach bites you but does no damage.
You hit the giant cockroach but do no damage.
The giant cockroach bites you but does no damage.
A leopard gecko comes into view.
The leopard gecko hisses angrily.
You hit the giant cockroach but do no damage.
The giant cockroach misses you. The giant cockroach bites you.
You take 1 damage, and have 10/13 hp.
You hit the giant cockroach but do no damage.
The giant cockroach bites you but does no damage.
You hit the giant cockroach.
The giant cockroach is severely wounded.
The giant cockroach closely misses you.
A goblin comes into view.
You hit the giant cockroach but do no damage.
The giant cockroach is severely wounded.
The giant cockroach barely misses you.
You hit the giant cockroach but do no damage.
The giant cockroach is severely wounded.
The giant cockroach bites you.
You take 2 damage, and have 9/13 hp.
You hit the giant cockroach.
You kill the giant cockroach!
The goblin barely misses you.
You barely miss the goblin.
The leopard gecko bites you but does no damage.
The goblin hits you with a dagger.
* * * LOW HITPOINT WARNING * * *
You take 3 damage, and have 6/14 hp.
MASSIVE DAMAGE!!
You are too injured to fight recklessly!
You are too injured to fight recklessly!
You are too injured to fight recklessly!
You are too injured to fight recklessly!
You are too injured to fight recklessly!
You are too injured to fight recklessly!
You are too injured to fight recklessly!
You are too injured to fight recklessly!
You are too injured to fight recklessly!
You are too injured to fight recklessly!
You are too injured to fight recklessly!
You are too injured to fight recklessly!
You are too injured to fight recklessly!
You are too injured to fight recklessly!
You are too injured to fight recklessly!
Unknown command.
The leopard gecko closely misses you.
You hit the leopard gecko but do no damage.
The leopard gecko bites you.
* * * LOW HITPOINT WARNING * * *
You take 3 damage, and have 4/14 hp.
MASSIVE DAMAGE!!
Casting: Corona
Confirm with . or Enter, or press ? or * to list all spells.
Aiming: Corona
Press: ? - help, Shift-Dir - straight line, f - leopard gecko
Aim: a leopard gecko (clinging, chance to defeat MR: 64%)
The leopard gecko is outlined in light.
The leopard gecko bites you but does no damage.
You now have 2/3 mp.
You hit the leopard gecko.
The leopard gecko is moderately wounded.
The leopard gecko bites you.
* * * LOW HITPOINT WARNING * * *
You take 1 damage, and have 3/14 hp.
You completely miss the leopard gecko.
The leopard gecko is moderately wounded.
The leopard gecko bites you but does no damage.
You hit the leopard gecko.
The leopard gecko is heavily wounded.
The leopard gecko bites you but does no damage.
The leopard gecko bites you.
* * * LOW HITPOINT WARNING * * *
You take 1 damage, and have 2/14 hp.
The leopard gecko stops glowing.
The leopard gecko bites you.
* * * LOW HITPOINT WARNING * * *
You take 1 damage, and have 1/14 hp.
You barely miss the leopard gecko.
The leopard gecko is heavily wounded.
The leopard gecko barely misses you.
You barely miss the leopard gecko.
The leopard gecko is heavily wounded.
The leopard gecko barely misses you.
It was a potion of flight.
You feel very buoyant.
You fly up into the air.
The leopard gecko bites you.
You die... █.......█ ████

█.......█ .....
█..()...█ ....
██.....███████....
██.....██.....█
█.███........████
█.█ ███..........
█)█ █......███ █@█
██.....█...
█l█████........█
█g█..g.g█.██.███
█.█.█████.█ ...
██...█ █.. ...
█...████ ██..
..... ██.....██
█....... █.█....█
.......
█.█....████.....


You could see a leopard gecko and a goblin.

Vanquished Creatures
  A giant cockroach (D:1)
  2 kobolds (D:1)
  2 bats (D:1)
  2 rats (D:1)
7 creatures vanquished.

Notes
Turn   | Place    | Note
-------+----------+-------------------------------------------
     0 | D:1      | Goblin1989 the Demonspawn Enchanter began the quest for the Orb.
     0 | D:1      | Reached XP level 1. HP: 13/13 MP: 3/3
    58 | D:1      | Reached skill level 1 in Short Blades
   248 | D:1      | Slain by a leopard gecko

Skill      XL: |  1 |
---------------+----+-----
Short Blades   | 1 |  1.2
Fighting       | |  0.4
Dodging        | |  1.9
Stealth        | |  2.8
Spellcasting   | |  2.0
Hexes          | |  3.0

Action                   || total
-------------------------++-------
Melee: Dagger            ||    28
 Cast: Corona            ||     1
  Use: Potion            ||     1
Armor: Robe              ||    13
Dodge: Dodged            ||    19

Vault maps used:
D:1:      minmay_arrival_checkered_box
